 Dungeon Crawl Stone Soup version 0.29-a0-364-g921d912d32 (webtiles) character file.

Game seed: 7906508275414469672

209 ptdevnull the Protected (level 5, -2/43 HPs)
             Began as a Gnoll Wanderer on May 1, 2022.
             Was a Priest of Qazlal.
             Slain by a gnoll
             ... wielding a +0 flail
              (9 damage)
             ... on level 4 of the Dungeon.
             The game lasted 00:05:11 (3708 turns).

ptdevnull the Protected (Gnoll Wanderer)            Turns: 3708, Time: 00:05:12

Health: -2/43      AC: 13    Str: 13    XL:     5   Next: 87%
Magic:  7/7        EV:  7    Int: 10    God:    Qazlal [***...]
Gold:   144        SH:  3    Dex: 13    Spells: 7/7 levels left

rFire   . . .      SeeInvis .   t - +2 dagger (flame)
rCold   . . .      Faith    .   (no shield)
rNeg    . . .      Spirit   .   b - +0 chain mail
rPois   .          Reflect  .   (no helmet)
rElec   .          Harm     .   (no cloak)
rCorr   .          Rampage  .   m - +0 pair of gloves
Will    .....                   (no boots)
Stlth   ..........              (no amulet)
HPRegen 0.14/turn               (no ring)
MPRegen 0.10/turn               (no ring)

@: no status effects
A: fangs 1, strong nose, distributed training
a: Renounce Religion, Upheaval, Elemental Force


You were on level 4 of the Dungeon.
You worshipped Qazlal.
Qazlal was most pleased with you.
You visited 1 branch of the dungeon, and saw 4 of its levels.
You also visited: Sewer.

You collected 144 gold pieces.

Inventory:

Hand Weapons
 a - a +0 short sword
 t - a +2 dagger of flaming (weapon)
Armour
 b - a +0 chain mail (worn)
 m - a +0 pair of gloves (worn)
Scrolls
 d - a scroll of fog
 e - 8 scrolls of identify
 f - a scroll of vulnerability {unknown}
 h - 2 scrolls of magic mapping
 k - a scroll of enchant weapon {unknown}
 n - a scroll of teleportation {unknown}
 o - a scroll of blinking {unknown}
 q - a scroll of brand weapon {unknown}
 r - a scroll of holy word {unknown}
 s - 2 scrolls of enchant armour {unknown}
Potions
 c - a potion of attraction
 g - 3 potions of curing {unknown}
 i - 4 potions of might {unknown}
 j - a potion of invisibility {unknown}
 l - a potion of mutation {unknown}
 p - a potion of berserk rage {unknown}
 u - a potion of heal wounds {unknown}
 v - 3 potions of haste {unknown}
 w - a potion of resistance {unknown}


   Skills:
 + Level 4.8 Fighting
 + Level 4.8 Short Blades
 + Level 1.6 Long Blades
 + Level 1.6 Axes
 + Level 1.6 Maces & Flails
 + Level 1.6 Polearms
 + Level 1.6 Staves
 + Level 1.6 Slings
 + Level 1.6 Bows
 + Level 1.6 Crossbows
 + Level 1.6 Throwing
 + Level 10.5 Armour
 + Level 1.6 Dodging
 + Level 1.6 Stealth
 + Level 1.6 Shields
 + Level 1.6 Unarmed Combat
 + Level 1.6 Spellcasting
 + Level 1.3 Conjurations
 + Level 1.3 Hexes
 + Level 1.3 Summonings
 + Level 1.3 Necromancy
 + Level 1.3 Translocations
 + Level 1.3 Transmutations
 + Level 1.3 Fire Magic
 + Level 1.3 Ice Magic
 + Level 1.3 Air Magic
 + Level 1.3 Earth Magic
 + Level 1.3 Poison Magic
 + Level 1.9 Invocations
 + Level 3.1 Evocations


You had 7 spell levels left.
You didn't know any spells.
Your spell library contained the following spells:

 Spells                   Type           Power      Damage    Failure   Level
 Portal Projectile        Hex/Tloc       6%         N/A       100%        3
 Blade Hands              Tmut           1%         N/A       100%        5
 Excruciating Wounds      Necr           1%         N/A       100%        5


Dungeon Overview and Level Annotations

Branches:
Dungeon (4/15)             Temple (0/1) D:4           Sewer (visited)

Altars:
Cheibriados
Qazlal
Sif Muna
Wu Jian


Innate Abilities, Weirdness & Mutations

You have very sharp teeth.
Your uncanny sense of smell can sniff out nearby items.
Your experience applies equally to all skills.


Message History

There is a collapsed entrance here.
You hit the worm. You burn the worm.
The worm is moderately wounded.
The gnoll hits you with a +0 whip. You block the gnoll's attack.
You hit the worm. You burn the worm.
The worm is heavily wounded.
The worm bites you.
You hit the worm. You burn the worm.
The worm is heavily wounded.
The gnoll hits you with a +0 flail. The gnoll hits you with a +0 whip.
You hit the worm. You burn the worm.
The worm is severely wounded.
You block the worm's attack. The gnoll hits you with a +0 flail.
The gnoll hits you with a +0 whip. The worm bites you.
You are too injured to fight recklessly!
You are too injured to fight recklessly!
You are too injured to fight recklessly!
You are too injured to fight recklessly!
You are too injured to fight recklessly!
You are too injured to fight recklessly!
You are too injured to fight recklessly!
You are too injured to fight recklessly!
You are too injured to fight recklessly!
You are too injured to fight recklessly!
You are too injured to fight recklessly!
You are too injured to fight recklessly!
You are too injured to fight recklessly!
You are too injured to fight recklessly!
Unknown command.
You hit the worm. You burn the worm. You bite the worm, but do no damage.
The worm is severely wounded.
You hit the worm but do no damage.
The worm is severely wounded.
The gnoll hits you but does no damage. The gnoll closely misses you.
The worm bites you!
* * * LOW HITPOINT WARNING * * *
Unknown command.
As you read the scroll of fog, it crumbles to dust.
The scroll dissolves into smoke.
The gnoll hits you with a +0 flail!
You die...

# #.............,,,,,,,,,,,,, #
#............,,,,****,,,,,, ##
#...........####,,****,,,**
.######..............,,,,****,,*
.##....)....##≈≈≈≈≈#*,#,,,**,,***
.......)....##≈≈≈≈≈##.#*,,,*,,,,,
............≈≈.§§..≈≈.#*,,,,,,,,,
............≈≈.wg○.≈≈.##*,,,,,,,,
......).....≈≈.§@g.....#,,,**,,,,
............≈≈.w§§.≈≈...,,****,,,
............≈≈...≈.≈≈...,,,,,*,,,
............##≈≈.≈≈##...,,,,,,,,,
...##.......##≈≈.≈≈#*,..,,,,,,,,,
,,**.................,*.,,***,,,,
,,,,.................**,,,* ****,
,,,,,...............##**,,*****,,
,,,,,,,,,,,,,,,,,,,,* *,,**,,,,,


You could see 2 worms and 2 gnolls.

Vanquished Creatures
  9 river rats (Sewer)
  3 adders
  A worm (D:3)
  3 dart slugs (D:3)
  4 orcs
  12 ball pythons
  2 bats (D:3)
  4 endoplasms
  A giant cockroach (D:2)
  5 goblins
  6 hobgoblins
  4 jackals (D:2)
  17 kobolds
  A quokka (D:1)
  3 frilled lizards
  18 rats
93 creatures vanquished.

Notes
Turn   | Place    | Note
-------+----------+-------------------------------------------
     0 | D:1      | Reached skill level 10 in Armour
     0 | D:1      | ptdevnull the Gnoll Wanderer began the quest for the Orb.
     0 | D:1      | ptdevnull set off with the following items: a +0 short
                  | sword, a +0 chain mail, a potion of attraction, a scroll of
                  | fog
     0 | D:1      | Reached XP level 1. HP: 20/20 MP: 1/1
   177 | D:1      | Reached XP level 2. HP: 26/26 MP: 2/2
  1226 | D:2      | Reached XP level 3. HP: 31/31 MP: 3/3
  1487 | D:2      | Found a faded altar of an unknown god.
  1517 | D:2      | Prayed at the altar of an unknown god.
  1517 | D:2      | Became a worshipper of Qazlal Stormbringer
  1517 | D:2      | Reached * piety under Qazlal
  1704 | D:3      | Reached skill level 1 in Invocations
  1784 | D:3      | Reached skill level 1 in Long Blades
  1784 | D:3      | Reached skill level 1 in Axes
  1784 | D:3      | Reached skill level 1 in Maces & Flails
  1784 | D:3      | Reached skill level 1 in Polearms
  1784 | D:3      | Reached skill level 1 in Staves
  1784 | D:3      | Reached skill level 1 in Slings
  1784 | D:3      | Reached skill level 1 in Bows
  1784 | D:3      | Reached skill level 1 in Crossbows
  1784 | D:3      | Reached skill level 1 in Throwing
  1784 | D:3      | Reached skill level 1 in Dodging
  1784 | D:3      | Reached skill level 1 in Stealth
  1784 | D:3      | Reached skill level 1 in Shields
  1784 | D:3      | Reached skill level 1 in Unarmed Combat
  1784 | D:3      | Reached skill level 1 in Spellcasting
  1905 | D:3      | Found a shimmering blue altar of Sif Muna.
  1959 | D:3      | Reached XP level 4. HP: 38/38 MP: 5/5
  2024 | D:3      | Found a snail-covered altar of Cheibriados.
  2515 | D:3      | Found an ornate altar of the Wu Jian Council.
  2709 | D:4      | Found a glowing drain.
  2725 | Sewer    | Entered a sewer
  2839 | Sewer    | Reached skill level 1 in Conjurations
  2839 | Sewer    | Reached skill level 1 in Hexes
  2839 | Sewer    | Reached skill level 1 in Summonings
  2839 | Sewer    | Reached skill level 1 in Necromancy
  2839 | Sewer    | Reached skill level 1 in Translocations
  2839 | Sewer    | Reached skill level 1 in Transmutations
  2839 | Sewer    | Reached skill level 1 in Fire Magic
  2839 | Sewer    | Reached skill level 1 in Ice Magic
  2839 | Sewer    | Reached skill level 1 in Air Magic
  2839 | Sewer    | Reached skill level 1 in Earth Magic
  2839 | Sewer    | Reached skill level 1 in Poison Magic
  2864 | Sewer    | Reached XP level 5. HP: 7/43 MP: 6/6
  3188 | Sewer    | Reached ** piety under Qazlal
  3557 | Sewer    | Reached *** piety under Qazlal
  3708 | D:4      | Slain by a gnoll

Illustrated notes

Levels and vault maps discovered:
D:1:      dpeg_arrival_radiant, layout_loops_ring
D:2:      layout_basic, hellmonk_ecumenical_altar_dog_temple,
          nicolae_figureground_sparkle
D:3:      layout_loops_ring, mainiacjoe_overflow_catwalk,
          kennysheep_orc_sif_temple, nzn_wu_jian_council_hall
D:4:      layout_layer_cave, okawaru_metal_pillars_1_2,
          nicolae_overflow_hidden_temple, minmay_temple_entry_proselytizer,
          cheibrodos_sewer_entry_sluice, uniq_grinder

Skill      XL: |  1  2  3  4  5 |
---------------+----------------+-----
Armour         | | 10.5
Invocations    | 1 |  1.9
Long Blades    | 1 |  1.6
Axes           | 1 |  1.6
Maces & Flails | 1 |  1.6
Polearms       | 1 |  1.6
Staves         | 1 |  1.6
Slings         | 1 |  1.6
Bows           | 1 |  1.6
Crossbows      | 1 |  1.6
Throwing       | 1 |  1.6
Dodging        | 1 |  1.6
Stealth        | 1 |  1.6
Shields        | 1 |  1.6
Unarmed Combat | 1 |  1.6
Spellcasting   | 1 |  1.6
Conjurations   | 1 |  1.3
Hexes          | 1 |  1.3
Summonings     | 1 |  1.3
Necromancy     | 1 |  1.3
Translocations | 1 |  1.3
Transmutations | 1 |  1.3
Fire Magic     | 1 |  1.3
Ice Magic      | 1 |  1.3
Air Magic      | 1 |  1.3
Earth Magic    | 1 |  1.3
Poison Magic   | 1 |  1.3
Evocations     | 3 |  3.1
Fighting       | |  4.8
Short Blades   | |  4.8

Action                   |  1- 3 |  4- 6 || total
-------------------------+-------+-------++-------
Melee: Short sword       |   131 |   101 ||   232
       Bite              |    14 |    20 ||    34
       Punch             |     4 |     4 ||     8
       Dagger            |       |    90 ||    90
  Use: Scroll            |       |     3 ||     3
Armor: Chain mail        |    73 |   134 ||   207
Dodge: Dodged            |    28 |    80 ||   108
Block: Other             |       |    16 ||    16

Table legend: (Time is in decaauts)
 A = Elapsed time spent in this place.
 B = Non-inter-level travel time spent in this place.
 C = Inter-level travel time spent in this place.
 D = Time resting spent in this place.
 E = Time spent auto-exploring this place.
 F = Levels seen in this place.
 G = Mean time per level.
                   A        B        C        D        E       F      G
               +--------+--------+--------+--------+--------+-----+--------+
         Total |   3669 |   3586 |     83 |    272 |   2657 |   5 |  733.8 |
       Dungeon |   2714 |   2631 |     83 |     20 |   2177 |   4 |  678.5 |
         Sewer |    954 |    954 |      0 |    252 |    480 |   1 |  954.0 |
               +--------+--------+--------+--------+--------+-----+--------+

Top non-repeatable levels by time:
     D:1: 1056 daAuts
     D:3: 1002 daAuts
   Sewer: 954 daAuts
     D:2: 571 daAuts
     D:4: 83 daAuts
